[Event "15th Paleochora Open 2022"]
[Site "Paleochora"]
[Date "2022.07.22"]
[Round "7.6"]
[White "Pap, Misa"]
[Black "Kelires, Andreas"]
[Result "0-1"]
[ECO "C56"]
[WhiteElo "2375"]
[BlackElo "2528"]
[Annotator "TA"]
[PlyCount "80"]
[EventDate "2022.07.17"]
[EventType "swiss"]
[EventCountry "GRE"]
[SourceTitle "playchess.com"]
[Source "ChessBase"]
[SourceQuality "1"]
[TimeControl "40/5400+30:900+30"]

1. e4 e5 2. Nf3 Nc6 3. Bc4 Nf6 4. d4 exd4 5. e5 d5 6. Bb5 Nd7 7. O-O Be7 8. Bxc6 bxc6 9. Nxd4 {C56: Two Knights: 4 d4 exd4 5 0-0 Nxe4.} Nb8 10. Nc3 O-O 11. Qf3 {The position is equal.} a5 12. Bf4 Ra6 13. Rad1 c5 {[#]} 14. Nb3 $146 ({Predecessor:} 14. Ndb5 d4 15. Nd5 Rg6 16. h3 Na6 17. Bg3 Bg5 18. Na3 Nb4 19. Nc3 f5 20. exf6 Bxf6 {0-1 (67) Robson,R (2676)-Demchenko,A (2654) Chess.com INT 2022}) 14... d4 15. Ne4 Bb7 16. Qe2 Qd5 17. f3 Nd7 18. c4 (18. Nc1 $15 {feels stronger.}) 18... Qe6 $17 19. Rfe1 Qf5 20. Qd2 a4 21. Nc1 Nb6 ({Much less strong is} 21... Nxe5 22. Ng3 Nxf3+ 23. gxf3 $16) 22. b3 axb3 23. axb3 Nd7 $36 {[%cal Bb6d7,Bd7f8,Bf8e6][%mdl 2080] Black fights for an advantage.} 24. Ng3 {[#]} Qg6 25. Qf2 Rfa8 26. Bd2 Bh4 27. Bf4 Nf8 28. Bd2 Ra1 29. Qe2 Ne6 30. Qd3 Qxd3 {Black is more active.} (30... R8a3 $142 {And now ...Qxd3 would win.} 31. Nf5 Bd8) 31. Nxd3 R1a2 32. Re2 Bxg3 33. hxg3 h5 34. Kf2 R2a3 35. Rb1 {[#]} (35. Nc1 $17 {is a better defense.}) 35... Ba6 $1 $19 36. Bc1 (36. Nf4 $142) 36... Bxc4 $1 37. Nxc5 (37. bxc4 {might work better.} Rxd3 38. Rc2) 37... Bxe2 {Black is clearly winning.} (37... Nxc5 38. Bxa3 Nxb3 39. Rxb3 Bxb3 40. Bc5 $17) 38. Bxa3 Rxa3 39. Nxe6 Ra2 ({And not} 39... fxe6 40. Kxe2 Ra2+ 41. Kf1 $15 (41. Kd3 Rxg2 42. g4 h4 $17)) 40. Nxd4 Bd3+ {Weighted Error Value: White=0.27 (precise) /Black=0.08 (flawless)} 0-1

[Event "15th Paleochora Open 2022"]
[Site "Paleochora"]
[Date "2022.07.22"]
[Round "7.7"]
[White "Yilmazyerli, Mert"]
[Black "Barbot, Pierre"]
[Result "1/2-1/2"]
[ECO "A07"]
[WhiteElo "2520"]
[BlackElo "2438"]
[Annotator "TA"]
[PlyCount "79"]
[EventDate "2022.07.17"]
[EventType "swiss"]
[EventCountry "GRE"]
[SourceTitle "playchess.com"]
[Source "ChessBase"]
[SourceQuality "1"]
[TimeControl "40/5400+30:900+30"]

1. Nf3 Nf6 2. g3 d5 3. Bg2 Nbd7 4. O-O e5 5. c4 c6 6. d4 {A07: Réti Opening: New York and Capablanca Systems.} e4 7. Ne5 Bd6 8. Nxd7 {White is slightly better.} Bxd7 ({Weaker is} 8... Kxd7 9. Nc3 $16) 9. Bg5 O-O 10. Nc3 Be6 11. Qb3 Qb6 12. Qxb6 axb6 13. cxd5 cxd5 {[#]} 14. f3 $146 ({Predecessor:} 14. Nb5 Be7 15. Rfc1 Rac8 16. Bf4 Rc6 17. Bf1 h6 18. a3 g5 19. Bd2 Bd7 20. e3 {½-½ (51) Gutman,L (2455)-Braun,A (2465) Bad Zwesten 2006}) 14... exf3 15. Bxf3 {Black must now prevent Bxf6.} Be7 16. a3 h6 17. Bxf6 Bxf6 18. e3 Rfd8 19. Rac1 Kf8 20. Ne2 Bg5 21. Rc3 Rac8 22. Rfc1 Rxc3 23. Rxc3 Rd6 24. Kf2 Bd7 (24... Bd8 $1 $14) 25. Rc7 $16 Bc6 {[#]} 26. Rc8+ $1 Ke7 27. Nc3 Re6 (27... f5 $16 {keeps fighting.} 28. Rc7+ Kf8) 28. Nxd5+ $18 Bxd5 29. Bxd5 Bxe3+ {[%mdl 4096] Endgame KRB-KRB} 30. Kf3 Rd6 31. Ke4 ({And not} 31. Bxb7 Bxd4 32. Rc2 f5 $11) (31. Kxe3 $18 Rxd5 32. Rg8) 31... Rd7 $2 32. Kxe3 Rxd5 {[#] KR-KR} 33. Rb8 (33. Rc7+ $1 $18 {and the rest is easy.} Rd7 34. Rc8) 33... Rd7 $16 34. d5 Kd6 35. Kd4 h5 36. Kc4 {White is more active.} (36. a4 $16) 36... b5+ $1 $11 {The position is equal.} 37. Kxb5 {Kb6 is the strong threat.} Kc7 38. Rg8 {Hoping for Kc5.} Rxd5+ 39. Kc4 Rg5 40. Kd4 {Weighted Error Value: White=0.21 (precise) /Black=0.22 (precise)} 1/2-1/2

[Event "15th Paleochora Open 2022"]
[Site "Paleochora"]
[Date "2022.07.22"]
[Round "7.8"]
[White "Leniart, Arkadiusz"]
[Black "Khayrullin, Denis"]
[Result "1/2-1/2"]
[ECO "A84"]
[WhiteElo "2473"]
[BlackElo "2361"]
[Annotator "TA"]
[PlyCount "155"]
[EventDate "2022.07.17"]
[EventType "swiss"]
[EventCountry "GRE"]
[SourceTitle "playchess.com"]
[Source "ChessBase"]
[SourceQuality "1"]
[TimeControl "40/5400+30:900+30"]

1. d4 d5 2. c4 e6 3. Nf3 c6 4. e3 Nd7 5. Nc3 f5 6. Qc2 Nh6 7. Bd3 {A84: Dutch Defence: 2 c4 Miscellaneous.} Bd6 8. Bd2 O-O 9. h3 Qe7 {[#]} 10. a3 $146 ({Predecessor:} 10. O-O-O dxc4 11. Bxc4 b5 12. Bd3 b4 13. Na4 c5 14. e4 Bb7 15. e5 Bb8 16. Bg5 {1-0 (48) Hambleton,A (2546)-Sambuev,B (2700) Ottawa 2012}) 10... Kh8 11. Ne2 b6 12. cxd5 cxd5 13. Qa4 Nf7 14. Bb4 e5 15. Bb5 exd4 (15... e4 $11 16. Nd2 Nf6) 16. exd4 $14 a6 17. Bd3 Nf6 18. O-O Bd7 19. Qb3 a5 20. Bxd6 Qxd6 21. Nc3 Rae8 (21... g5 $1 $11) 22. Rac1 ({White should try} 22. Bb5 $14) 22... g6 (22... g5 $1 $11) 23. Bb5 Re6 24. Rc2 g5 25. Bxd7 Qxd7 26. Nb5 (26. Re1 $14) 26... g4 $11 27. Rc7 Qe8 28. hxg4 fxg4 29. Rxf7 Qxf7 30. Ng5 {[%csl LRe6,LRf7] Pair of Knights!} Qe7 31. Nxe6 Qxe6 32. Nc7 Qc6 33. Nb5 (33. Qc3 $1 $11 {keeps the balance.} Qxc3 34. bxc3) 33... Qe6 ({Black should play} 33... Ne4 $17 {[%cal Og4g3] Threatens to win with ...g3!} 34. Qd3 Qf6) 34. Nc7 (34. Qd3 $11) 34... Qc6 $17 35. Nb5 Qe6 (35... Ne4 $17 {[%cal Og4g3] aiming for ...g3!} 36. Qd3 Qh6) 36. Qd3 Ne4 37. Nc3 Nxc3 38. Qxc3 $11 {[%mdl 4096] Endgame KQR-KQR} Re8 39. Rc1 Qe4 40. Qc6 Rf8 41. Qd6 {[%cal Rd6f8] [#]} Qf4 42. Qxf4 Rxf4 {KR-KR} 43. Rc6 Rxd4 44. Rxb6 g3 45. fxg3 Rd2 46. Kh2 Kg7 47. g4 d4 48. Kg3 d3 49. Kf3 Re2 50. b3 Ra2 51. a4 Rb2 52. Ke3 d2 53. Ke2 Kf7 54. Kd1 Kg7 55. g5 Kf7 $1 56. g4 (56. Ke2 $14) 56... Kg7 {The position is equal.} 57. Ke2 Kf7 58. g6+ hxg6 59. g5 Ke7 60. Rb5 Kd6 61. Rxa5 {[#] Ra6+ is the strong threat.} Rxb3 62. Kxd2 Ke6 63. Kc2 Rg3 64. Rc5 Kd6 65. Rb5 {Black must now prevent Rb6+.} Kc6 {Against Rb6+} 66. Kb2 Kc7 67. Rc5+ Kd6 68. Ra5 {Hoping for Ra6+.} Rg2+ 69. Kc3 Rg3+ 70. Kd4 {Strongly threatening Ra6+.} Rg4+ 71. Ke3 Ke6 72. Ra6+ Kf5 73. Ra5+ Ke6 74. Kf3 Rb4 75. Ra6+ Kf5 76. Ra5+ Ke6 77. Ke3 Rg4 78. Kf3 {Weighted Error Value: White=0.13 (very precise) /Black=0.14 (very precise)} 1/2-1/2

[Event "15th Paleochora Open 2022"]
[Site "Paleochora"]
[Date "2022.07.22"]
[Round "7.9"]
[White "Alexiadis, Hristos"]
[Black "Nevednichy, Vladislav"]
[Result "1/2-1/2"]
[ECO "E11"]
[WhiteElo "2283"]
[BlackElo "2473"]
[Annotator "TA"]
[PlyCount "35"]
[EventDate "2022.07.17"]
[EventType "swiss"]
[EventCountry "GRE"]
[SourceTitle "playchess.com"]
[Source "ChessBase"]
[SourceQuality "1"]
[TimeControl "40/5400+30:900+30"]

1. d4 Nf6 2. Nf3 d5 3. c4 e6 4. g3 Bb4+ 5. Bd2 Be7 6. Bg2 O-O 7. O-O Nbd7 8. Qb3 {E11: Bogo-Indian.} a5 9. a4 c6 10. Rc1 {The position is equal.} Ne4 11. Be1 f5 12. Nc3 Bf6 13. e3 {[#]} g5 $146 ({Predecessor:} 13... Kh8 14. Qc2 Qe7 15. Ne2 g5 16. Rab1 Nd6 17. b3 Bg7 18. Bc3 Ne4 19. Bb2 Nb8 {1-0 (80) Goryachkina,A (2564)-Cramling,P (2487) Skolkovo 2019}) 14. Ne2 Nd6 15. cxd5 exd5 16. Qc2 Re8 17. b4 axb4 18. Bxb4 {Weighted Error Value: White=0.03 (flawless) /Black=0.06 (flawless)} 1/2-1/2

[Event "15th Paleochora Open 2022"]
[Site "Paleochora"]
[Date "2022.07.22"]
[Round "7.10"]
[White "Basso, Pier Luigi"]
[Black "Hristodoulou, Panagiotis"]
[Result "1/2-1/2"]
[ECO "D37"]
[WhiteElo "2561"]
[BlackElo "2330"]
[Annotator "TA"]
[PlyCount "43"]
[EventDate "2022.07.17"]
[EventType "swiss"]
[EventCountry "GRE"]
[SourceTitle "playchess.com"]
[Source "ChessBase"]
[SourceQuality "1"]
[TimeControl "40/5400+30:900+30"]

1. d4 d5 2. c4 e6 3. Nf3 Nf6 4. Nc3 Be7 5. Bf4 O-O 6. e3 b6 7. cxd5 Nxd5 8. Nxd5 {D37: Queen's Gambit Declined: 5 Bf4.} Qxd5 9. Be2 Ba6 10. O-O {The position is equal.} c5 11. Bxa6 Nxa6 12. Qe2 Qb7 13. Rfd1 Rfd8 14. Rac1 Rac8 15. a3 {[#]} cxd4 $146 ({Predecessor:} 15... Bf6 16. h3 cxd4 17. exd4 Nc7 18. Be5 Nd5 19. Qe4 Qd7 20. Qe2 Qa4 21. Nd2 Bxe5 22. dxe5 {0-1 (78) Zirkelbach,M (2214)-Marn,J (2138) Nova Gorica 2018}) 16. Nxd4 Nc5 17. f3 a6 18. e4 b5 19. Be3 h6 20. Rc2 Na4 21. Rxc8 Rxc8 22. Nb3 {Weighted Error Value: White=0.09 (flawless) /Black=0.04 (flawless)} 1/2-1/2

[Event "15th Paleochora Open 2022"]
[Site "Paleochora"]
[Date "2022.07.22"]
[Round "7.11"]
[White "Spyratos, Nikolaos"]
[Black "David, Alberto"]
[Result "0-1"]
[ECO "A47"]
[WhiteElo "2268"]
[BlackElo "2534"]
[Annotator "TA"]
[PlyCount "40"]
[EventDate "2022.07.17"]
[EventType "swiss"]
[EventCountry "GRE"]
[SourceTitle "playchess.com"]
[Source "ChessBase"]
[SourceQuality "1"]
[TimeControl "40/5400+30:900+30"]

1. d4 Nf6 2. Nf3 b6 3. Bg5 Bb7 4. Nbd2 g6 5. e3 Bg7 6. Be2 {A47: 1 d4 Nf6 2 Nf3 b6: Torre, London and Colle Systems.} d6 7. O-O h6 8. Bh4 {The position is equal.} g5 9. Bg3 Nh5 {[#]} 10. c3 $146 ({Predecessor:} 10. Nxg5 Nxg3 11. fxg3 hxg5 12. Bf3 d5 13. Bh5 Bf6 14. h4 Qd6 15. Qf3 gxh4 16. gxh4 {0-1 (35) Dubois,L (2258)-Dragojlovic,A (2437) Clichy 2000}) 10... Nd7 11. Re1 e6 12. Nc4 {[%cal Og3d6] [#] Threatens to win with Bxd6!} Nxg3 13. hxg3 h5 14. Nfd2 ({Better is} 14. e4) 14... g4 $17 15. f4 {Prevents Qg5.} gxf3 ({Black should try} 15... Qe7 $19 {aiming for ...f5.} 16. e4 h4 17. Bxg4 hxg3) 16. Bxf3 d5 17. Kf2 (17. Na3 $17) 17... Qf6 18. Na3 (18. Ne5 $17) 18... e5 $19 {White must now prevent ...e4.} 19. e4 h4 20. g4 O-O-O {Weighted Error Value: White=0.27 (precise) /Black=0.09 (flawless)} 0-1

[Event "15th Paleochora Open 2022"]
[Site "Paleochora"]
[Date "2022.07.22"]
[Round "7.12"]
[White "Georgiou, Kostantinos"]
[Black "Zwardon, Vojtech"]
[Result "0-1"]
[ECO "A32"]
[WhiteElo "2259"]
[BlackElo "2503"]
[Annotator "TA"]
[PlyCount "84"]
[EventDate "2022.07.17"]
[EventType "swiss"]
[EventCountry "GRE"]
[SourceTitle "playchess.com"]
[Source "ChessBase"]
[SourceQuality "1"]
[TimeControl "40/5400+30:900+30"]

1. d4 Nf6 2. Nf3 e6 3. c4 c5 4. g3 cxd4 5. Nxd4 Qc7 6. Bg2 Qxc4 {A32: Symmetrical English: 2 Nf3 Nf6 3 d4 cxd4 4 Nxd4 e6.} 7. O-O Nc6 8. Nc2 (8. Nxc6 $15 bxc6 9. Nd2) 8... d5 $17 {[#] Black is better.} 9. Nba3 $146 ({Predecessor:} 9. Re1 Be7 10. Bf1 Qc5 11. a3 O-O 12. b4 Qd6 13. Bb2 e5 14. Nd2 Be6 15. Nb3 {0-1 (58) Hansen,L (2580)-Hansen,C (2630) Copenhagen 1995}) 9... Qa6 {Black is more active.} 10. b4 {[#] Hoping for b5.} Nxb4 11. Nxb4 (11. Rb1 $142 Nc6 12. e4 Nxe4 13. Nb5) 11... Bxb4 12. Qb3 Qa5 13. g4 (13. Rb1 $17 Bc5 14. Qb5+ Qxb5 15. Nxb5) 13... O-O $19 14. g5 Nd7 15. Rb1 Be7 16. Nb5 a6 17. Nd4 Bd6 {Inhibits Bf4.} 18. h4 Nc5 19. Qd1 (19. Qb6 $142 Qxb6 20. Rxb6) 19... Qxa2 20. Bb2 Qa4 21. Qd2 (21. e4 $142) 21... e5 22. Nf3 d4 23. e3 Bf5 24. exd4 {And now Ra1 would win.} Nb3 {Inhibits Ra1.} 25. Qe3 Bxb1 26. Rxb1 exd4 27. Nxd4 Nxd4 28. Bxd4 (28. Qxd4 $142 Qxd4 29. Bxd4) 28... Rfe8 {Black is clearly winning.} 29. Qc3 Rac8 30. Qd3 Rcd8 {[%cal Od6c5] Strongly threatening ...Bc5!} 31. Qc3 Qxd4 32. Qxd4 {[#]} Bh2+ $1 {[%mdl 576] Discovered Attack} 33. Kxh2 Rxd4 34. Rxb7 Rxh4+ {[%mdl 4096] Endgame KRR-KRB} 35. Kg3 Rd4 36. Ra7 Rd3+ 37. Kg4 Rd6 38. f4 g6 39. Bf1 Re4 {Against Bc4} 40. Rxa6 Rxa6 41. Bxa6 Kg7 42. Bb7 Rd4 {White got outplayed after the opening.  Weighted Error Value: White=0.33/Black=0.06 (flawless)} 0-1

[Event "15th Paleochora Open 2022"]
[Site "Paleochora"]
[Date "2022.07.22"]
[Round "7.13"]
[White "Yankelevich, Lev"]
[Black "Milonakis, Georgios"]
[Result "1-0"]
[ECO "D35"]
[WhiteElo "2496"]
[BlackElo "2256"]
[Annotator "TA"]
[PlyCount "149"]
[EventDate "2022.07.17"]
[EventType "swiss"]
[EventCountry "GRE"]
[SourceTitle "playchess.com"]
[Source "ChessBase"]
[SourceQuality "1"]
[TimeControl "40/5400+30:900+30"]

1. d4 Nf6 2. c4 e6 3. Nc3 d5 4. cxd5 exd5 5. Bg5 c6 6. e3 Be7 7. Bd3 Nbd7 8. h3 {D35: Queen's Gambit Declined: Exchange Variation.} Nf8 9. Nf3 Ne6 10. Bh4 {The position is equal.} O-O 11. O-O Re8 12. Ne5 g6 {[#]} 13. Qb3 $146 ({Predecessor:} 13. f4 Ng7 14. Qf3 Bf5 15. Bxf5 Nxf5 16. Bxf6 Bxf6 17. g4 Nd6 18. b3 Bg7 19. g5 {0-1 (55) Papathanasiou,E (1558)-Bitalzadeh,M Herceg Novi 2008}) 13... Nh5 14. Bxe7 Qxe7 15. Qa3 Qxa3 16. bxa3 f6 17. Nf3 b6 18. a4 Bd7 19. Rab1 Nhg7 20. Rb2 Nf5 21. a5 b5 22. Bxf5 gxf5 23. Rc1 a6 24. Nd2 f4 25. Nb3 fxe3 26. fxe3 Ng5 27. Nc5 Bc8 28. Rf2 Kg7 29. h4 Nf7 30. Rcf1 {White is more active.} ({Better is} 30. e4 $1 $16 ) 30... f5 $11 31. Rf3 Ra7 32. Rg3+ Kh6 (32... Kh8 $11) 33. Rff3 ({White should try} 33. e4 $14) 33... Rae7 34. Nd3 Nd6 {Threatens to win with ...Ne4.} 35. Ne5 Rxe5 (35... b4 $15 36. Ne2 Ne4) 36. dxe5 $14 Nc4 37. Ne2 {And now Nd4 would win.} Nxe5 38. Rf1 {Hoping for Nd4.} c5 {Inhibits Nd4.} 39. Nf4 Rd8 (39... Ng4 $16 {might work better.}) 40. Rd1 $1 $18 d4 41. exd4 {Re1 is the strong threat.} cxd4 42. Nd3 Nc4 43. Rg5 Rd6 44. Rf1 (44. Nf4 $16) 44... Ne3 $2 ({Black should play} 44... Bb7 $1 $14) 45. Ne5 Rg6 (45... Be6 $2 {[#]} 46. Rfxf5 $1 Bd5 47. Rf3 $1 $18 ) (45... Rf6 $142 46. Rf4 d3) 46. Nxg6 hxg6 47. Rf4 Nc2 48. Rf2 Nb4 49. Rg3 Be6 50. Rd2 Nc6 51. Rgd3 Kh5 52. Rxd4 {Strongly threatening Rd6.} Nxd4 53. Rxd4 {[%mdl 4096] Endgame KR-KB} b4 54. Rxb4 Bxa2 55. Kf2 Bd5 56. g3 Be4 57. Ke3 Bg2 58. Kf4 Bf1 59. Rb6 Be2 60. Ke5 Bd3 61. Rd6 Bf1 62. Rf6 Bd3 63. Kd4 Be2 64. Kc5 Bd3 65. Kd4 (65. Kb4 $18 Bf1 66. Kc3) 65... Be2 $1 66. Ke5 Bd3 $1 67. Rd6 Bf1 $1 68. Kf4 {White mates.} Be2 69. Rd8 Kh6 70. Rh8+ Kg7 71. Re8 Bd3 72. Kg5 Kf7 73. Rb8 Kg7 74. Rb7+ Kg8 75. Rb6 {Weighted Error Value: White=0.11 (very precise) /Black=0.38} 1-0

[Event "15th Paleochora Open 2022"]
[Site "Paleochora"]
[Date "2022.07.22"]
[Round "7.14"]
[White "Antic, Dejan"]
[Black "Rahmanidis, Petros"]
[Result "1/2-1/2"]
[ECO "D02"]
[WhiteElo "2452"]
[BlackElo "2191"]
[Annotator "TA"]
[PlyCount "76"]
[EventDate "2022.07.17"]
[EventType "swiss"]
[EventCountry "GRE"]
[SourceTitle "playchess.com"]
[Source "ChessBase"]
[SourceQuality "1"]
[TimeControl "40/5400+30:900+30"]

1. d4 d5 2. Nf3 e6 3. g3 b5 4. Bg2 Nd7 5. e4 dxe4 6. Ng5 {D02: 1 d4 d5 2 Nf3 sidelines, including 2...Nf6 3 g3 and 2...Nf6 3 Bf4.} Ngf6 {Against Qh5} 7. O-O Rb8 {[#]} 8. Qe2 $146 {The position is equal.} ({Predecessor:} 8. Nc3 Be7 9. Ncxe4 O-O 10. c3 h6 11. Nxf6+ Nxf6 12. Ne4 Nxe4 13. Bxe4 Bb7 14. Bxb7 Rxb7 {½-½ (32) Tratar,M (2443)-Haba,P (2470) Austria 2020}) 8... h6 9. Nxe4 Nxe4 10. Bxe4 Nf6 11. Bc6+ Bd7 12. Bg2 Be7 13. a4 b4 14. Nd2 Qc8 15. Nc4 Qa6 16. Bf4 {[%cal Oc4d6] [#] And now Nd6+! would win.} O-O 17. Rfe1 ({Avoid the trap} 17. Bxc7 $2 Rbc8 18. Rfe1 Rxc7 $19) 17... Bc6 18. Ne5 ({Don't play} 18. Bxc7 Bxg2 19. Bxb8 Bd5 $17) 18... Qxe2 19. Rxe2 Bxg2 20. Kxg2 {Black must now prevent Nc6.} Rb7 21. c4 bxc3 $1 22. bxc3 Nd5 23. Bd2 c5 24. c4 Nf6 25. Nc6 Bd6 $1 26. Bc3 cxd4 27. Bxd4 Rc8 28. Na5 (28. Nxa7 $11 Rxc4 29. Nb5 Rxb5 30. axb5 Rxd4 31. Ra8+ Kh7 32. Rb2) 28... Rbc7 ({Black should play} 28... Rb4 $17) 29. Rb1 Nd7 {Prevents c5.} 30. Nb7 Bf8 31. Na5 Bc5 32. Rd2 Bb6 33. Rb5 Bxd4 34. Rxd4 Nb6 35. Rb4 Rc5 36. Rb5 R5c7 37. Rb4 Rc5 38. Rb5 R5c7 {Weighted Error Value: White=0.10 (very precise) /Black=0.10 (very precise)} (38... Nxa4 $17 39. Rd7 a6 40. Rxc5 Nxc5) 1/2-1/2

[Event "15th Paleochora Open 2022"]
[Site "Paleochora"]
[Date "2022.07.22"]
[Round "7.15"]
[White "Kalogeris, Ioannis"]
[Black "Tsarsitalidis, Christos"]
[Result "1-0"]
[ECO "E20"]
[WhiteElo "2406"]
[BlackElo "1896"]
[Annotator "TA"]
[PlyCount "63"]
[EventDate "2022.07.17"]
[EventType "swiss"]
[EventCountry "GRE"]
[SourceTitle "playchess.com"]
[Source "ChessBase"]
[SourceQuality "1"]
[TimeControl "40/5400+30:900+30"]

1. d4 d5 2. c4 e6 3. Nc3 Bb4 4. e3 Nf6 5. Bd2 O-O 6. Rc1 {E20: Nimzo-Indian: 4 g3 and 4 f3.} c6 {[#]} 7. Qb3 $146 ({Predecessor:} 7. Nf3 Nbd7 8. Be2 dxc4 9. Bxc4 b5 10. Be2 Bb7 11. O-O Bd6 12. Ng5 Be7 13. f4 {0-1 (70) Fedoseev,V (2718)-Bernadskiy,V (2574) Chess.com INT 2017}) 7... Bxc3 8. Bxc3 {White has an edge.} Ne4 9. Nf3 Nd7 10. Bd3 f5 11. O-O Ng5 (11... Rf6 $14) 12. Ne5 {White is more active.} (12. Nxg5 $16 Qxg5 13. Bb4) 12... Nxe5 $14 13. dxe5 Ne4 {[#]} ({Black should play} 13... b6 $14) 14. Bb4 $1 $36 {[%mdl 2048] Threatens to win with f3. Black is under strong pressure.} Re8 15. Rfd1 Qg5 16. Bf1 Qd8 17. Qa3 Bd7 18. Be1 Qe7 $2 {[#] Loses the game.} (18... a5 $16) 19. Qxe7 $18 Rxe7 20. f3 Nc5 21. cxd5 Na4 22. d6 Ree8 23. Rd3 Nb6 24. Rb3 Rab8 25. Ba5 Nd5 26. Bc7 Ra8 27. Rxb7 Nxe3 28. Ba6 Nd5 (28... Rf8 $142 29. Rb3 Nd5) 29. Ba5 {This bishop pair is nice. White is clearly winning.} Nb6 30. Bxb6 axb6 31. Rxd7 Rxa6 32. Rc2 {Weighted Error Value: White=0.08 (flawless) /Black=0.36} (32. Rxc6 $142 Rxa2 33. Rcc7) 1-0

[Event "15th Paleochora Open 2022"]
[Site "Paleochora"]
[Date "2022.07.22"]
[Round "7.16"]
[White "Simonetto, Alessio"]
[Black "Maltsevskaya, Aleksandra"]
[Result "0-1"]
[ECO "A45"]
[WhiteElo "2064"]
[BlackElo "2378"]
[Annotator "TA"]
[PlyCount "56"]
[EventDate "2022.07.17"]
[EventType "swiss"]
[EventCountry "GRE"]
[SourceTitle "playchess.com"]
[Source "ChessBase"]
[SourceQuality "1"]
[TimeControl "40/5400+30:900+30"]

1. d4 Nf6 2. Bf4 g6 3. Nc3 c5 4. dxc5 Bg7 5. e4 O-O (5... Qa5 $11 {keeps the balance.}) 6. Qd2 {[#] A45: Trompowsky Attack.} Nc6 $146 ({Predecessor:} 6... Qa5 7. Be3 Ng4 8. Bd4 Bxd4 9. Qxd4 Nc6 10. Qd1 Nf6 11. Bd3 Qxc5 12. Nf3 d6 {0-1 (32) Sukandar,I (2413)-Mikhalevski,V (2565) Chess.com INT 2020}) 7. f3 b6 8. cxb6 {White is slightly better.} Qxb6 {And now ...Nh5 would win.} 9. Na4 Qb7 10. Bc4 d5 $1 11. exd5 Nb4 12. Be5 (12. c3 $11 Nbxd5 13. Bg3) 12... Bf5 $1 $17 13. Bb3 Nbxd5 $2 {Black is more active.} (13... Rac8 $17 {[%cal Rb4c2] keeps the pressure on.} 14. Rc1 (14. Nc3 Rfd8 $17) 14... Rfd8) 14. O-O-O Nb4 {[#] White must now prevent ...Qb5.} 15. Bc3 (15. Ne2 $1 $16) 15... a5 (15... Bxc2 $1 $11 {remains equal.} 16. Bxc2 Nxa2+ 17. Kb1 Nxc3+ 18. Qxc3 Rab8) 16. Ne2 Rfc8 17. Kb1 Rab8 18. g4 ({Better is} 18. Rhe1 $16) 18... Bd7 $14 19. Bxf6 Bxa4 20. Bxg7 ({Don't go for} 20. Bxa4 $2 Bxf6 21. c3 {[#]} Nd3 $1 $19) 20... Bxb3 21. cxb3 (21. axb3 $14 Kxg7 22. Nc3) 21... Kxg7 (21... Qxf3 $11 {is more appropriate.} 22. Nc3 Qxg4) 22. Nd4 (22. Qd4+ $1 $14 {deserves consideration.} f6 23. Qe4) 22... Kg8 (22... e5 $5 23. Nf5+ gxf5 24. Qg5+ Kf8 $11) 23. Qg5 ({White should try} 23. Qe3 $14) 23... a4 $11 {[%cal Ob4a2][%mdl 1024] Threatens to win with ...Nxa2! Black has compensation.} 24. Nf5 $2 {[%mdl 8192] This move loses the game for White.} (24. a3 $1 $11 {and White is okay.}) 24... f6 $19 {The board is on fire.} 25. Nh6+ $2 (25. Qe3 gxf5 26. g5) 25... Kg7 26. Qe3 Nc2 {[%mdl 64] Deflection} 27. Qe6 {[%cal Oh6f5] Nf5+! is the strong threat.} axb3 28. axb3 Ra8 {Weighted Error Value: White=0.91/Black=0.27 (precise)} 0-1